 Dungeon Crawl Stone Soup version 0.19.5 (webtiles) character file.

666 Monsterracer the Conjurer (level 7, -6/41 HPs)
             Began as a High Elf Conjurer on Oct 27, 2017.
             Mangled by an orc warrior
             ... wielding a +0 dire flail
              (15 damage)
             ... on level 6 of the Dungeon.
             The game lasted 00:07:31 (5842 turns).

Monsterracer the Conjurer (High Elf Conjurer)       Turns: 5842, Time: 00:07:32

Health: -6/41      AC:  3    Str:  7    XL:     7   Next: 31%
Magic:  4/15       EV: 13    Int: 21    God:
Gold:   128        SH:  0    Dex: 16    Spells: 4 memorised, 3 levels left

rFire  . . .     SeeInvis .     a - +0 falchion
rCold  . . .     Gourm    .     p - +1 robe
rNeg   + . .     Faith    .     (no shield)
rPois  .         Spirit   .     (no helmet)
rElec  .         Reflect  .     (no cloak)
rCorr  .         Harm     .     (no gloves)
MR     .....                    (no boots)
Stlth  +++.......               (no amulet)
                                n - ring of stealth
                                u - ring of positive energy

@: no status effects
A: no striking features
a: no special abilities


You were on level 6 of the Dungeon.
You were not hungry.

You visited 1 branch of the dungeon, and saw 6 of its levels.

You collected 128 gold pieces.

Inventory:

Hand Weapons
 a - a +0 falchion (weapon)
 b - a +0 short sword of venom
Armour
 p - a +1 robe (worn)
Jewellery
 f - an uncursed ring of resist corrosion
 n - a ring of stealth (right hand)
 u - a ring of positive energy (left hand)
Scrolls
 h - 3 scrolls of remove curse
 i - a scroll of blinking
 m - 2 scrolls of teleportation
Potions
 e - 4 potions of haste
 g - a potion of ambrosia {unknown}
 j - 2 potions of heal wounds
 k - a potion of might {unknown}
 l - a potion of curing {unknown}
 o - a potion of agility {unknown}
Books
 d - a book of Conjurations

   Spells                             Type                      Level
   a - Magic Dart                     Conjuration                  1
   b - Searing Ray                    Conjuration                  2
   c - Dazzling Spray                 Conjuration/Hexes            3
   d - Fulminant Prism                Conjuration/Hexes            4
   e - Iskenderun's Mystic Blast      Conjuration                  4
   f - Iskenderun's Battlesphere      Conjuration/Charms           5
Comestibles
 c - 4 bread rations
 q - a chunk of flesh
 r - 2 meat rations


   Skills:
 - Level 2.1 Dodging
 - Level 2.1 Stealth
 + Level 4.9 Spellcasting
 * Level 7.7 Conjurations
 * Level 4.2 Charms


You had 3 spell levels left.
You knew the following spells:

 Your Spells              Type           Power        Failure   Level  Hunger
a - Magic Dart            Conj           ####         1%          1    None
b - Searing Ray           Conj           #####.       1%          2    None
c - Iskenderun's Mystic   Conj           #####...     4%          4    ####...
d - Iskenderun's Battles  Conj/Chrm      ####....     28%         5    #####..


Dungeon Overview and Level Annotations

Branches:
Dungeon (6/15)
 Temple: D:4-7

Altars:
Dithmenos
Okawaru
Qazlal


Message History

The bullfrog swells and bulges.
Casting: Magic Dart
Confirm with . or Enter, or press ? or * to list all spells.
Aiming: Searing Ray
Press: ? - help, Shift-Dir - straight line, f/p - bullfrog
Aim: a bullfrog (moderately wounded)
The searing ray misses the bullfrog. (Press . to maintain the ray.)
The searing ray misses the bullfrog.
The bullfrog hits you. x2
The searing ray hits the bullfrog.
The bullfrog is severely wounded.
The bullfrog barely misses you.
The searing ray hits the bullfrog.
You kill the bullfrog!
Your Charms skill increases to level 4!
You finish channeling your searing ray.
All of the chunks of flesh in your inventory have rotted away.
An orc comes into view. It is wielding a hand axe.
Casting: Searing Ray
Confirm with . or Enter, or press ? or * to list all spells.
Okay, then.
An orc warrior comes into view. It is wielding a dire flail.
The orc warrior moves out of view.
An orc comes into view. It is wielding a trident of venom.
Casting: Searing Ray
Confirm with . or Enter, or press ? or * to list all spells.
Aiming: Searing Ray
Press: ? - help, Shift-Dir - straight line, f - orc
Aim: an orc, wielding a hand axe (hasn't noticed you)
The searing ray misses the orc. (Press . to maintain the ray.)
The orc shouts! x2
The searing ray hits the orc.
You kill the orc!
An orc comes into view. It is wielding a short sword.
The searing ray hits the orc.
You kill the orc!
You finish channeling your searing ray.
An orc comes into view. It is wielding a falchion.
The orc moves out of view.
Things that are here:
a trident of venom; a hand axe; an orc corpse You butcher the orc corpse.
q - a chunk of flesh
Things that are here:
a trident of venom; a hand axe; an orc skeleton
s - a trident of venom Wield which item (- for none, * to show all)? (? for menu, Esc to quit)
Your +0 trident of venom begins to drip with poison!
s - a +0 trident of venom (weapon)
Your +0 trident of venom stops dripping with poison.
You are now empty-handed.
You drop a +0 trident of venom.
a - a +0 falchion (weapon)
There is an open door here.
The orc shouts!
There is an open door here.
The orc shouts!
The orc hits you with a short sword.
Casting: Searing Ray
Confirm with . or Enter, or press ? or * to list all spells.
Aiming: Searing Ray
Press: ? - help, Shift-Dir - straight line, f - orc
Aim: an orc, wielding a short sword The searing ray hits the orc.
You kill the orc! (Press . to maintain the ray.)
The searing ray hits the orc warrior.
The searing ray hits the orc warrior.
The orc warrior is moderately wounded.
The orc warrior completely misses you.
You riposte.
You closely miss the orc warrior.
The orc warrior is moderately wounded.
The searing ray misses the orc warrior.
The searing ray hits the orc.
You kill the orc!
You finish channeling your searing ray.
The orc warrior hits you with a dire flail.
Casting: Searing Ray
Confirm with . or Enter, or press ? or * to list all spells.
Aiming: Searing Ray
Press: ? - help, Shift-Dir - straight line, f - orc warrior
Aim: an orc warrior, wielding a dire flail and wearing a plate armour (moderately wounded)
The searing ray hits the orc warrior.
The orc warrior is moderately wounded. (Press . to maintain the ray.)
The orc warrior barely misses you.
You riposte.
You hit the orc warrior but do no damage.
The orc warrior is moderately wounded.
The searing ray hits the orc warrior.
The orc warrior is severely wounded.
The orc warrior hits you with a dire flail!!
Ouch! That really hurt!
* * * LOW HITPOINT WARNING * * *
The searing ray hits the orc warrior.
The orc warrior is severely wounded.
The orc warrior barely misses you.
The searing ray hits the orc warrior.
The orc warrior is almost dead.
You finish channeling your searing ray.
The orc warrior hits you with a dire flail!
You die...

##### ##.####....
#....# ###
#.......... #....#
#.# #..........
#....# #.#
#.......... #....#
#.# #...##.####
#....# ##.####...##.#
#....# #.........##.#
#....###..#####..##.#
#....)o@.).......##.#
#....###.#.####.....#
#....# #.#.# #.#####
#...o# #.#.# #.#
#....# #.#.# #.#
###o## #.... ..# #.
###.# #.# .. ..# .#


You could see an orc warrior.

Vanquished Creatures
  Menkaure (D:4)
  A centaur (D:6)
  A bullfrog (D:6)
  A scorpion (D:4)
  A hound (D:6)
  An orc priest (D:3)
  2 iguanas
  11 adders
  A shadow imp (D:4)
  An ooze (D:4)
  An adder zombie (D:6)
  An adder skeleton (D:4)
  A worm (D:3)
  2 dart slugs
  2 leopard geckos (D:4)
  14 orcs
  A ball python (D:1)
  4 giant cockroaches
  7 goblins
  11 hobgoblins
  5 jackals
  10 kobolds
  2 quokkas
  9 bats
  4 frilled lizards
  A leopard gecko skeleton (D:4)
  17 rats
113 creatures vanquished.

Notes
Turn   | Place    | Note
-------+----------+-------------------------------------------
     0 | D:1      | Monsterracer the High Elf Conjurer began the quest for the Orb.
     0 | D:1      | Reached XP level 1. HP: 11/11 MP: 4/4
   331 | D:1      | HP: 3/11 [kobold/stone (3)]
   345 | D:1      | Reached XP level 2. HP: 5/17 MP: 3/6
   766 | D:1      | Reached skill level 5 in Conjurations
  1293 | D:1      | Reached XP level 3. HP: 21/21 MP: 4/8
  1305 | D:1      | Learned a level 2 spell: Searing Ray
  1813 | D:2      | Reached XP level 4. HP: 27/27 MP: 3/9
  1822 | D:2      | Learned a level 4 spell: Iskenderun's Mystic Blast
  2411 | D:3      | Reached skill level 6 in Conjurations
  2505 | D:3      | Found a faded altar of an unknown god.
  2802 | D:3      | HP: 8/27 [orc priest/nerve-wracking pain (13)]
  2803 | D:3      | Reached XP level 5. HP: 10/31 MP: 3/11
  2809 | D:3      | HP: 9/31 [giant cockroach (1)]
  3974 | D:4      | Learned a level 5 spell: Iskenderun's Battlesphere
  4049 | D:4      | Noticed Menkaure
  4054 | D:4      | Killed Menkaure
  4054 | D:4      | Reached skill level 7 in Conjurations
  4054 | D:4      | Reached XP level 6. HP: 36/36 MP: 5/13
  5029 | D:5      | Entered Level 5 of the Dungeon
  5065 | D:5      | Found an iron altar of Okawaru.
  5152 | D:5      | Found a shadowy altar of Dithmenos.
  5154 | D:5      | Found a stormy altar of Qazlal.
  5514 | D:6      | Reached XP level 7. HP: 38/41 MP: 9/15
  5840 | D:6      | HP: 9/41 [orc warrior/dire flail (26)]
  5842 | D:6      | Mangled by an orc warrior

Skill      XL: |  1  2  3  4  5  6  7 |
---------------+----------------------+-----
Conjurations   | 5 6 7 |  7.7
Spellcasting   | 3 4 |  4.9
Charms         | 2 3 4 |  4.2
Dodging        | |  2.1
Stealth        | |  2.1

Action                   |  1- 3 |  4- 6 |  7- 9 || total
-------------------------+-------+-------+-------++-------
Melee: Dagger            |     3 |       |       ||     3
       Spear             |       |     6 |       ||     6
       Falchion          |       |     8 |       ||     8
       Short sword       |       |     5 |       ||     5
 Cast: Magic Dart        |    74 |   135 |     3 ||   212
       Searing Ray       |     1 |     8 |     6 ||    15
       Iskenderun's Myst |       |     1 |       ||     1
  Use: Scroll            |       |     8 |       ||     8
  Eat: Chunk             |     3 |    11 |     1 ||    15
Armor: Robe              |       |     5 |     1 ||     6
Dodge: Dodged            |    11 |    29 |     6 ||    46
       Rpst.: Falchion   |       |     2 |     3 ||     5

Vault maps used:
D:1:      onia_arrival_mini_maze_b
D:2:      first_bread, minmay_misc_feat_x
D:3:      ecumenical_altar_1, serial_bayou, serial_bayou_shore_a,
          serial_bayou_pond_a, serial_bayou_pond_e, serial_bayou_shore_b
D:4:      uniq_menkaure
D:5:      black_bear_nest_1, chequers_temple_overflow_statue_of_worship,
          okawaru_gym_becter
D:6:      fiery_altar_vehumet
